 Dungeon Crawl Stone Soup version 0.20-a0-641-g673355a (webtiles) character file.

112 shpingle the Cudgeler (level 4, 0/35 HPs)
             Began as a Demonspawn Chaos Knight on Feb 13, 2017.
             Slain by an orc wizard
             ... wielding a +0 dagger
              (5 damage)
             ... on level 2 of the Dungeon.
             The game lasted 00:06:58 (2113 turns).

shpingle the Cudgeler (Demonspawn Chaos Knight)     Turns: 2113, Time: 00:06:58

Health: 0/35       AC:  5    Str: 13    XL:     4   Next: 64%
Magic:  4/4        EV: 11    Int: 14    God:    Xom [..*...]
Gold:   90         SH:  3    Dex: 17    Spells: 2/3 levels left

rFire    + . .     SeeInvis .   a - +0 mace (chaos)
rCold    + . .     Gourm    .   b - +2 leather armour
rNeg     . . .     Faith    .   (no shield)
rPois    +         Spirit   .   (helmet restricted)
rElec    +         Reflect  +   (no cloak)
rCorr    +         Harm     .   (no gloves)
MR       .....                  (no boots)
Stlth    +.........             u - +3 amulet of reflection
Regen    0.2/turn               (no ring)
MPRegen  0.1/turn               x - +5 ring of dexterity

@: resistant, very slightly contaminated
A: antennae 2, talons 1, evolution 2
a: Renounce Religion


You were on level 2 of the Dungeon.
You worshipped Xom.
You were a toy of Xom.
You were not hungry.

You visited 1 branch of the dungeon, and saw 3 of its levels.

You collected 90 gold pieces.

Inventory:

Hand Weapons
 a - a +0 mace of chaos (weapon)
 o - a +0 whip
Armour
 b - a +2 leather armour (worn)
Jewellery
 u - a +3 amulet of reflection (around neck)
 x - a +5 ring of dexterity (left hand)
Scrolls
 g - a scroll of fear {unknown}
 h - 3 scrolls of identify {unknown}
 i - 2 scrolls of teleportation {unknown}
 k - 3 scrolls of remove curse {unknown}
 t - a scroll of random uselessness {unknown}
 w - a scroll of immolation {unknown}
Potions
 j - a potion of degeneration {unknown}
 n - a potion of cancellation {unknown}
 q - a potion of mutation
Books
 r - a book of Cantrips

   Spells                             Type                      Level
   a - Confusing Touch                Hexes                        1
   b - Animate Skeleton               Necromancy                   1
   c - Summon Small Mammal            Summoning                    1
   d - Apportation                    Translocation                1
Comestibles
 c - 2 bread rations
 s - a meat ration
 v - 2 fruits


   Skills:
 - Level 3.0 Fighting
 + Level 4.8 Maces & Flails
 - Level 1.7 Armour
 - Level 0.8 Dodging
 + Level 1.0 Summonings


You had 2 spell levels left.
You knew the following spells:

 Your Spells              Type           Power        Failure   Level  Hunger
a - Summon Small Mammal   Summ           #...         24%         1    ##.....


Dungeon Overview and Level Annotations

Branches:
Dungeon (3/15)

Altars:


Innate Abilities, Weirdness & Mutations

You have a pair of antennae on your head.
You have sharp toenails.
You rapidly evolve.


Message History

You hit something but do no damage. Something hits you but does no damage.
Something hits you.
* * * LOW HITPOINT WARNING * * *
You hear a shout!
An orc comes into view. It is wielding a trident.
Something hits you but does no damage.
You hear a shout!
Something barely misses you.
There is a stone staircase leading up here.
Something hits you!
* * * LOW HITPOINT WARNING * * *
Something hits you.
* * * LOW HITPOINT WARNING * * *
You climb upwards.
There is a stone staircase leading down here.
It was a potion of resistance.
You feel protected. Something hits you.
You die... "This toy is broken."

████████.███....█
█.█ █....█
█████.███.█.▼█
█......██.█..█
█.......↑.█..█
█......█████.██
█......█ █..█
█......█ █..█████
█......██
█.@....█
█.♣..♣..█
♣{.█████
█.♣♣♣♣█♣♣ ♣█.█
█.♣ ♣♣♣♣ ♣.█
█.♣♣♣♣♣..♣♣♣♣.█
█..♣₪.♣.♣.♣...█
█.♣♣♣♣.♣♣.♣♣..█
█.█.♣.♣♣♣.♣..██
█..♣♣♣♣♣.♣♣..█


There were no monsters in sight!

Vanquished Creatures
  A scorpion (D:1)
  An orc wizard (D:3)
  A worm (D:2)
  2 leopard geckos
  2 orcs (D:3)
  5 giant cockroaches (D:1)
  5 goblins
  6 hobgoblins
  A bat (D:1)
  6 frilled lizards
  5 kobolds
  2 rats
37 creatures vanquished.

Vanquished Creatures (collateral kills)
  A bat (D:3)
1 creature vanquished.

Grand Total: 38 creatures vanquished

Notes
Turn   | Place    | Note
-------+----------+-------------------------------------------
     0 | D:1      | shpingle the Demonspawn Chaos Knight began the quest for the Orb.
     0 | D:1      | Reached XP level 1. HP: 18/18 MP: 1/1
    61 | D:1      | Reached skill level 3 in Maces & Flails
   251 | D:1      | Gained mutation: You have a pair of small antennae on your head. [demonic ancestry]
   251 | D:1      | Reached XP level 2. HP: 24/24 MP: 2/2
   693 | D:1      | Noticed a scorpion
   693 | D:1      | an ooze changed into a scorpion
   699 | D:1      | Killed a scorpion
   699 | D:1      | Reached skill level 4 in Maces & Flails
   699 | D:1      | Gained mutation: You have a pair of antennae on your head. [demonic ancestry]
   699 | D:1      | Reached XP level 3. HP: 7/29 MP: 3/3
   699 | D:1      | Reached XP level 4. HP: 9/35 MP: 4/4
  1037 | D:1      | XOM: severe Chrm miscast
  1037 | D:1      | Paralysed by the severe capriciousness of Xom for 5 turns
  1184 | D:2      | XOM: butterfly on damage
  1266 | D:2      | XOM: medium Air miscast
  1654 | D:2      | Learned a level 1 spell: Summon Small Mammal
  1844 | D:2      | Found a faded altar of an unknown god.
  2090 | D:3      | XOM: noise
  2101 | D:3      | Gained mutation: You evolve. [potion of mutation]
  2101 | D:3      | Gained mutation: You rapidly evolve. [potion of mutation]
  2101 | D:3      | Gained mutation: You have sharp toenails. [potion of mutation]
  2113 | D:2      | Slain by an orc wizard

Vault maps used:
D:1:      minmay_arrival_up_and_down, st_stairs_14
D:2:      chequers_ecumenical_altar_grove
D:3:      marbit_many_paths, grunt_ministairs_14

Skill      XL: |  1  2  3  4 |
---------------+-------------+-----
Maces & Flails | 3 4 |  4.8
Summonings     | 1 |  1.0
Fighting       | |  3.0
Armour         | |  1.7
Dodging        | |  0.8

Action                   |  1- 3 |  4- 6 || total
-------------------------+-------+-------++-------
Melee: Mace              |    72 |    56 ||   128
       Unarmed           |       |    10 ||    10
       Kick              |       |     1 ||     1
 Cast: Summon Small Mamm |       |     1 ||     1
  Use: Potion            |     1 |     3 ||     4
 Stab: Paralysed         |     1 |       ||     1
  Eat: Chunk             |       |     4 ||     4
Armor: Leather armour    |    24 |    15 ||    39
Dodge: Dodged            |    47 |    31 ||    78
Block: Other             |       |     3 ||     3
